 Dungeon Crawl Stone Soup version 0.28-a0-779-g3d1f99b579 (webtiles) character file.

Game seed: 4276278023478607915

138 spiderkeys the Ducker (level 5, 0/28 HPs)
             Began as a Spriggan Abyssal Knight on Nov 2, 2021.
             Was a Believer of Lugonu.
             Splashed by a jelly's acid (10 damage)
             ... on level 4 of the Dungeon.
             The game lasted 00:03:32 (1700 turns).

spiderkeys the Ducker (Spriggan Abyssal Knight)     Turns: 1700, Time: 00:03:32

Health: 0/28       AC: -10   Str:  9    XL:     5   Next: 1%
Magic:  8/8        EV: 18    Int: 17    God:    Lugonu [**....]
Gold:   164        SH:  0    Dex: 17    Spells: 4/6 levels left

rFire   . . .      SeeInvis +   d - +1 dagger (venom)
rCold   . . .      Faith    .   (shield restricted)
rNeg    . . .      Spirit   .   b - +0 robe
rPois   .          Reflect  .   (helmet restricted)
rElec   .          Harm     .   (no cloak)
rCorr   .          Rampage  .   (gloves unavailable)
Will    .....                   (boots unavailable)
Stlth   ++........              g - amulet of regeneration
HPRegen 1.09/turn               I - +6 ring of intelligence
MPRegen 0.11/turn               (no ring)

@: corroded, very quick
A: very small, no large weapons, unfitting armour, see invisible, speed 3
a: Renounce Religion, Depart the Abyss, Bend Space


You were on level 4 of the Dungeon.
You worshipped Lugonu.
Lugonu was pleased with you.
You visited 1 branch of the dungeon, and saw 4 of its levels.
You visited the Abyss 1 time.

You collected 164 gold pieces.


Innate Abilities, Weirdness & Mutations

You are very small and have problems with some larger weapons.
You are too small for most types of armour.
You have supernaturally acute eyesight. (SInv)
You cover ground extremely quickly. (Speed+++)


   Skills:
 + Level 2.9 Fighting
 + Level 3.1 Short Blades
 + Level 4.0 Dodging
 + Level 2.9 Stealth
 + Level 1.4 Spellcasting
 + Level 1.4 Hexes
 + Level 2.4 Invocations


You had 4 spell levels left.
You knew the following spells:

 Your Spells              Type           Power      Damage    Failure   Level
e - Ensorcelled Hibernat  Hex/Ice        6%         N/A       22%         2

Your spell library contained the following spells:

 Spells                   Type           Power      Damage    Failure   Level
 Tukima's Dance           Hex            6%         N/A       34%         3
 Frozen Ramparts          Ice            2%         1d2       52%         3
 Ice Form                 Ice/Tmut       1%         N/A       90%         4
 Summon Ice Beast         Ice/Summ       1%         N/A       90%         4

Inventory:

Hand Weapons
 a - a +1 short sword
 d - a +1 dagger of venom (weapon)
   (You found it on level 1 of the Abyss)
Missiles
 k - 145 stones
 m - 19 arrows
 q - 32 poisoned darts
 u - a boomerang
 x - 16 sling bullets
Armour
 b - a +0 robe (worn)
Jewellery
 g - an amulet of regeneration (around neck)
   (You found it on level 2 of the Abyss)
 l - a ring of willpower
   (You took it off a hobgoblin on level 1 of the Dungeon)
 I - a +6 ring of intelligence (left hand)
   (You found it on level 1 of the Dungeon)
Scrolls
 c - a scroll of fear {unknown}
 e - a scroll of identify {unknown}
 i - 2 scrolls of noise {unknown}
 j - a scroll of magic mapping {unknown}
 n - a scroll of brand weapon {unknown}
 o - a scroll of holy word {unknown}
 p - 2 scrolls of fog {unknown}
 r - a scroll of amnesia {unknown}
Potions
 f - a potion of resistance {unknown}
 h - a potion of haste {unknown}
 s - 2 potions of curing {unknown}
 t - a potion of flight {unknown}
 v - a potion of brilliance {unknown}
 w - a potion of heal wounds {unknown}
 z - a potion of attraction {unknown}

Dungeon Overview and Level Annotations

Branches:
Dungeon (4/15)
 Temple: D:4-7

Altars:

....##...# #
##...### #
#......#
#.#....#.#
#.#....#.#
#......#.#
....#......#
#.#.##..###.#
# #. #@<# .#
# #J..# #
...#...
#.#...#.#
#.##.##.# # .
# ..


You could see a jelly (extremely poisoned).


Message History

You take 2 damage, and now have 21/23 hp.
You barely miss the adder.
The adder completely misses you. 😕 HP[+1]
You hit the adder.
The adder is poisoned.
The adder barely misses you. 😎 HP[+1]
Your hp is fully restored (23).
You hit the adder.
The adder looks as sick as possible!
The adder closely misses you.
You completely miss the adder.
You kill the adder!
Lugonu accepts your kill.
Your Dodging skill increases to level 4!
No target in view!
No target in view!
k - 126 stones (gained 21)
Found a stone staircase leading down and a stone staircase leading up. 😎 MP[+1]
Your mp is fully restored (7).
A goblin comes into view.
It is wielding a +0 club and quivering poisoned darts.
A goblin is nearby!
A goblin is nearby!
A goblin is nearby!
A hobgoblin comes into view.
The goblin shouts!
The hobgoblin shouts!
The goblin throws a poisoned dart.
The poisoned dart barely misses you. The goblin misses you.
The hobgoblin closely misses you.
You hit the goblin.
You kill the goblin!
Lugonu accepts your kill.
You barely miss the hobgoblin. The hobgoblin completely misses you.
You hit the hobgoblin.
The hobgoblin is poisoned.
You kill the hobgoblin!
Lugonu accepts your kill.
You have reached level 5!
You feel agile. 😎 HP[+5] MP[+1]
You now have 28 max hp (+5).
Your hp is fully restored (28).
Your mp is fully restored (8). 🤖 Initializing magus.rc ... ✅ Successfully initialized magus.rc [v1.9.10] Welcome back, spiderkeys the Spriggan Abyssal Knight.
Lugonu says: Spread carnage and corruption!
Press ? for a list of commands and other information.
q - 32 poisoned darts (gained 13)
Things that are here:
a +0 club; a goblin corpse
There is a stone staircase leading down here.
You now have 164 gold pieces (gained 14).
A kobold comes into view. It is wielding a +0 short sword.
The kobold moves out of view.
The kobold shouts!
The kobold closely misses you.
You hit the kobold.
The kobold hits you with a +0 short sword. 😕 HP[-4]
You take 4 damage, and now have 24/28 hp.
You closely miss the kobold. The kobold barely misses you. 😕 HP[+1]
You hit the kobold but do no damage.
The kobold is poisoned.
You kill the kobold!
Lugonu accepts your kill. 😕 HP[+1] No target in view!
No target in view!
No target in view!
Unknown command.
No target in view!
k - 145 stones (gained 19);
z - a silvery potion You see here a +0 short sword. 😎 HP[+2]
Your hp is fully restored (28).
Found an escape hatch in the ceiling.
A jelly comes into view.
A jelly is nearby!
The jelly quivers.
You hit the jelly.
The jelly is poisoned.
Your hands burn!
The jelly barely misses you. 😕 HP[-4]
You take 4 damage, and now have 24/28 hp.
You hit the jelly.
The jelly looks as sick as possible!
The acid corrodes you!
Your hands burn!
The jelly closely misses you. 😕 HP[-2]
You take 2 damage, and now have 22/28 hp.
You hit the jelly.
Your hands burn!
The jelly jiggles.
The jelly hits you. The acid corrodes you!
You are splashed with acid. 😮 HP[-7]
You take 7 damage, and now have 15/28 hp.
MASSIVE DAMAGE!! (PAUSE)
You hit the jelly but do no damage.
Your hands burn!
* * * LOW HITPOINT WARNING * * *
😨 HP[-1]
You take 1 damage, and now have 14/28 hp.
You hit the jelly but do no damage.
The jelly looks as sick as possible!
The acid corrodes you!
Your hands burn!
* * * LOW HITPOINT WARNING * * *
The jelly hits you.
* * * LOW HITPOINT WARNING * * *
You are splashed with acid!
You die...

Skill      XL: |  1  2  3  4 |
---------------+-------------+-----
Stealth        | 1 2 |  2.9
Invocations    | 2 |  2.4
Hexes          | 1 |  1.4
Short Blades   | 3 |  3.1
Spellcasting   | 1 |  1.4
Dodging        | 4 |  4.0
Fighting       | |  2.9

Action                   |  1- 3 |  4- 6 || total
-------------------------+-------+-------++-------
Melee: Dagger            |   134 |    48 ||   182
Invok: Depart the Abyss  |     1 |       ||     1
 Stab: Sleeping          |     2 |     1 ||     3
Armor: Robe              |    12 |     5 ||    17
Dodge: Dodged            |   114 |    52 ||   166

Levels and vault maps discovered:
D:1:      dpeg_chamrin_arrival_tetris, layout_loops_ring,
          hellmonk_ecumenical_altar_slurped_away, minmay_misc_feat_five,
          st_stairs_7, minmay_pentomino_x4
D:2:      layout_rooms, serial_rivers, chequers_serial_rivers_micro_b,
          chequers_serial_rivers_small_3, chequers_serial_rivers_micro_e,
          chequers_serial_rivers_micro_c, chequers_serial_rivers_small_3,
          chequers_serial_rivers_micro_d, guppyfry_early_lair_pool
D:3:      layout_rooms, minmay_quadrilaterals
D:4:      layout_loops_ring, kennysheep_donut

Notes
Turn   | Place    | Note
-------+----------+-------------------------------------------
     0 | Abyss:1  | spiderkeys the Spriggan Abyssal Knight began the quest for
                  | the Orb.
     0 | Abyss:1  | Reached XP level 1. HP: 11/11 MP: 3/3
     0 | Abyss:1  | magus.rc [v1.9.10]
     3 | Abyss:1  | Found a corrupted altar of Lugonu.
   112 | Abyss:2  | Noticed a harpy simulacrum
   112 | Abyss:2  | Noticed a starcursed mass
   145 | Abyss:2  | You pick up a book of Maledictions and begin reading...
   145 | Abyss:2  | You add the spells Ensorcelled Hibernation and Tukima's
                  | Dance to your library.
   155 | Abyss:2  | Noticed a large abomination
   155 | Abyss:2  | Noticed a raiju
   157 | D:1      | You pass through the gate.
   157 | D:1      | Escaped the Abyss
   310 | D:1      | Found a faded altar of an unknown god.
   319 | D:1      | HP: 2/11 [frozen (4)]
   388 | D:1      | Reached * piety under Lugonu
   402 | D:1      | Reached skill level 1 in Stealth
   417 | D:1      | Reached skill level 2 in Invocations
   417 | D:1      | Reached XP level 2. HP: 16/16 MP: 4/4
   698 | D:1      | Reached XP level 3. HP: 13/19 MP: 5/5
   724 | D:1      | Learned a level 2 spell: Ensorcelled Hibernation
  1248 | D:2      | You pick up a book of Rime and begin reading...
  1248 | D:2      | You add the spells Frozen Ramparts, Ice Form and Summon Ice
                  | Beast to your library.
  1458 | D:3      | Reached ** piety under Lugonu
  1459 | D:3      | Reached skill level 2 in Stealth
  1471 | D:3      | Reached skill level 1 in Hexes
  1483 | D:3      | Reached XP level 4. HP: 17/23 MP: 6/6
  1497 | D:3      | Reached skill level 3 in Short Blades
  1497 | D:3      | Reached skill level 1 in Spellcasting
  1631 | D:4      | Reached skill level 4 in Dodging
  1656 | D:4      | Reached XP level 5. HP: 28/28 MP: 8/8
  1656 | D:4      | magus.rc [v1.9.10]
  1700 | D:4      | Splashed by a jelly's acid

Vanquished Creatures
  A howler monkey (D:3)
  A gnoll (D:3)
  3 adders
  2 dart slugs (D:1)
  4 orcs (D:4)
  3 ball pythons
  5 bats
  An endoplasm (D:1)
  A giant cockroach (D:1)
  5 goblins
  6 hobgoblins
  4 jackals (D:2)
  7 kobolds
  2 quokkas (D:1)
  A frilled lizard (D:2)
  6 rats
52 creatures vanquished.

Table legend:
 A = Non-vault XP
 B = Vault XP
 C = Vault XP percentage of total XP
 D = Non-vault monster count
 E = Vault monster count
 F = Vault count percentage of total count
                 A         B        C        D         E       F
            +---------+---------+-------+---------+---------+-------
      Total |     187 |      11 |   5.6 |      47 |       5 |   9.6
            +---------+---------+-------+---------+---------+-------
        D:1 |      34 |      11 |  24.4 |      18 |       5 |  21.7
        D:2 |      19 |       0 |   0.0 |      12 |       0 |   0.0
        D:3 |      88 |       0 |   0.0 |       7 |       0 |   0.0
        D:4 |      46 |       0 |   0.0 |      10 |       0 |   0.0
            +---------+---------+-------+---------+---------+-------

Illustrated notes

Table legend:
 A = Kills in this place as a percentage of kills in entire the game.
 B = Kills by you in this place as a percentage of kills by you in the entire game.
 C = Kills by friends in this place as a percentage of kills by friends in the entire game.
 D = Other kills in this place as a percentage of other kills in the entire game.
 E = Experience gained in this place as a percentage of experience gained in the entire game.
 F = Experience gained in this place divided by the number of levels of this place that you have seen.
                   A       B       C       D       E      F
               +-------+-------+-------+-------+-------+----------------------
         Total | 100.0 | 100.0 |   N/A |   N/A | 100.0 |  33.0
       Dungeon | 100.0 | 100.0 |   N/A |   N/A | 100.0 |  49.5
               +-------+-------+-------+-------+-------+----------------------

Table legend: (Time is in decaauts)
 A = Elapsed time spent in this place.
 B = Non-inter-level travel time spent in this place.
 C = Inter-level travel time spent in this place.
 D = Time resting spent in this place.
 E = Time spent auto-exploring this place.
 F = Levels seen in this place.
 G = Mean time per level.
                   A        B        C        D        E       F      G
               +--------+--------+--------+--------+--------+-----+--------+
         Total |   1118 |   1085 |     33 |      0 |    712 |   6 |  186.3 |
       Dungeon |   1018 |    985 |     33 |      0 |    681 |   4 |  254.5 |
         Abyss |     99 |     99 |      0 |      0 |     31 |   2 |   49.5 |
               +--------+--------+--------+--------+--------+-----+--------+

Top non-repeatable levels by time:
     D:1: 456 daAuts
     D:2: 382 daAuts
     D:4: 145 daAuts
 Abyss:1: 51 daAuts
 Abyss:2: 47 daAuts
     D:3: 33 daAuts
